| TOP OF THE 1ST |
|
Everett AquaSox batting - Pitching for Staten Island Yankees : RHP Nate LaCava
|
|
Pitching: RHP Nate LaCava
|
|
|
Batting: SHB Detlef Oursler
|
0-0: Called Strike 0-1: Ball 1-1: Ground out 4-3 (Groundball, 4, EV 100.6 MPH)
|
|
Batting: LHB Omar Colunga
|
0-0: Ball 1-0: Ball 2-0: Ball 3-0: Base on Balls
|
|
Batting: RHB Hideo Okimura
|
0-0: Ball 1-0: Ball 2-0: Called Strike 2-1: Ball 3-1: Called Strike 3-2: Base on Balls Omar Colunga to second
|
|
Batting: RHB Robby Cuellar
|
0-0: Ball 1-0: Fielders Choice at 2nd, 6-4 (Groundball, 6MS, EV 90.6 MPH) Omar Colunga to third
|
|
Batting: LHB Kenny Gerrity
|
0-0: Ground out 5-3 (Groundball, 15, EV 85.0 MPH)
|
| Top of the 1st over - 0 runs, 0 hits, 0 errors, 2 left on base; Everett 0 - Staten Island 0 |
| BOTTOM OF THE 1ST |
|
Staten Island Yankees batting - Pitching for Everett AquaSox : RHP Ian Gaines
|
|
Pitching: RHP Ian Gaines
|
|
|
Batting: LHB Mario Hurtado
|
0-0: Called Strike 0-1: Called Strike 0-2: SINGLE (Groundball, 6MD, EV 103.1 MPH)
|
|
Batting: RHB Chris Diaz
|
0-0: Ball Mario Hurtado is caught stealing 2nd base 2-4 1-0: Ball 2-0: Called Strike 2-1: Swinging Strike 2-2: Hit by Pitch
|
|
Batting: LHB Roald Jacobs
|
0-0: Fly out, F4 (Popup, 4S, EV 73.1 MPH)
|
|
Batting: RHB Andres Valles
|
0-0: Called Strike 0-1: Ball 1-1: Hit by Pitch Chris Diaz to second
|
|
Batting: LHB Claudio Kamminga
|
0-0: Called Strike 0-1: Hit by Pitch Chris Diaz to third Andres Valles to second
|
|
Batting: RHB Lorenzo Vasquez
|
0-0: Ball 1-0: Ball 2-0: Foul Ball, location: 2F 2-1: Foul Ball, location: 2F 2-2: SINGLE (Groundball, 6MD, EV 101.9 MPH) Chris Diaz scores Andres Valles to third Claudio Kamminga to second Runner from 3rd tries for Home, SAFE, throw by CF to home
|
|
Batting: RHB Chris Yancey
|
0-0: Ball 1-0: Foul Ball, location: 2F 1-1: Ball 2-1: Foul Ball, location: 2F 2-2: Ball 3-2: Foul Ball, location: 2F 3-2: Base on Balls Claudio Kamminga to third Lorenzo Vasquez to second
|
|
Batting: RHB Tony Saenz
|
0-0: Ball 1-0: Called Strike 1-1: Ball 2-1: Called Strike 2-2: Strikes out swinging
|
| Bottom of the 1st over - 2 runs, 2 hits, 0 errors, 3 left on base; Everett 0 - Staten Island 2 |
| TOP OF THE 2ND |
|
Everett AquaSox batting - Pitching for Staten Island Yankees : RHP Nate LaCava
|
|
Batting: RHB Justin Colella
|
0-0: Ball 1-0: Foul Ball, location: 2F 1-1: Foul Ball, location: 2F 1-2: Ball 2-2: Ground out 4-3 (Groundball, 34, EV 95.6 MPH)
|
|
Batting: RHB Clay Statum
|
0-0: Swinging Strike 0-1: Ball 1-1: Ground out 5-3 (Groundball, 5L, EV 76.2 MPH)
|
|
Batting: SHB Raghnall Ahearne
|
0-0: Foul Ball, location: 2F 0-1: Ball 1-1: Ball 2-1: Foul Ball, location: 2F 2-2: Strikes out swinging
|
| Top of the 2nd over - 0 runs, 0 hits, 0 errors, 0 left on base; Everett 0 - Staten Island 2 |
| BOTTOM OF THE 2ND |
|
Staten Island Yankees batting - Pitching for Everett AquaSox : RHP Ian Gaines
|
|
Batting: SHB Victor Martinez
|
0-0: Ball 1-0: Ground out U3 (Groundball, 34S, EV 76.9 MPH)
|
|
Batting: LHB Mario Hurtado
|
0-0: Ground out 5-3 (Groundball, 56, EV 101.2 MPH)
|
|
Batting: RHB Chris Diaz
|
0-0: Foul Ball, location: 2F 0-1: Ball 1-1: Ground out U3 (Groundball, 3S, EV 71.9 MPH)
|
| Bottom of the 2nd over - 0 runs, 0 hits, 0 errors, 0 left on base; Everett 0 - Staten Island 2 |
| TOP OF THE 3RD |
|
Everett AquaSox batting - Pitching for Staten Island Yankees : RHP Nate LaCava
|
|
Batting: RHB Omar Solis
|
0-0: Ball 1-0: Ball 2-0: Ball 3-0: SINGLE (Groundball, 6MD, EV 100.0 MPH)
|
|
Batting: SHB Detlef Oursler
|
0-0: Called Strike Omar Solis steals 2nd base 0-1: SINGLE (Line Drive, 6D, EV 106.2 MPH) Omar Solis to third
|
|
Batting: LHB Omar Colunga
|
0-0: Ball Detlef Oursler steals 2nd base 1-0: Called Strike 1-1: Ball 2-1: Foul Ball, location: 2F 2-2: Ball 3-2: Foul Ball, location: 2F 3-2: Ground out U3 (Groundball, 34, EV 103.8 MPH) Omar Solis scores Detlef Oursler to third
|
|
Batting: RHB Hideo Okimura
|
0-0: Ball 1-0: Ground out 6-3 (Groundball, 6, EV 110.0 MPH) Detlef Oursler scores
|
|
Batting: RHB Robby Cuellar
|
0-0: Ball 1-0: Foul Ball, location: 2F 1-1: Fly out, F9 (Flyball, 9D, EV 93.8 MPH)
|
| Top of the 3rd over - 2 runs, 2 hits, 0 errors, 0 left on base; Everett 2 - Staten Island 2 |
| BOTTOM OF THE 3RD |
|
Staten Island Yankees batting - Pitching for Everett AquaSox : RHP Ian Gaines
|
|
Batting: LHB Roald Jacobs
|
0-0: Called Strike 0-1: Foul Ball, location: 2F 0-2: Foul Ball, location: 2F 0-2: Ball 1-2: SINGLE (Groundball, 6MS, EV 73.1 MPH) (infield hit)
|
|
Batting: RHB Andres Valles
|
Pickoff Play to 1st, Runner tries for 2nd, SAFE after rundown. 0-0: Ball Roald Jacobs steals 3rd, throwing error, E2 Roald Jacobs scores 1-0: SINGLE (Line Drive, 6D, EV 95.0 MPH)
|
|
Batting: LHB Claudio Kamminga
|
0-0: Called Strike 0-1: Swinging Strike 0-2: Foul Ball, location: 2F 0-2: Foul Ball, location: 2F 0-2: Foul Ball, location: 2F 0-2: Ball 1-2: Strikes out swinging
|
|
Batting: RHB Lorenzo Vasquez
|
0-0: Fly out, F4 (Flyball, 4D, EV 75.0 MPH)
|
|
Batting: RHB Chris Yancey
|
0-0: Ball 1-0: Ground out 4-3 (Groundball, 4, EV 85.6 MPH)
|
| Bottom of the 3rd over - 1 run, 2 hits, 1 error, 1 left on base; Everett 2 - Staten Island 3 |
| TOP OF THE 4TH |
|
Everett AquaSox batting - Pitching for Staten Island Yankees : RHP Nate LaCava
|
|
Batting: LHB Kenny Gerrity
|
0-0: Ball 1-0: Ground out 4-3 (Groundball, 4D, EV 99.4 MPH)
|
|
Batting: RHB Justin Colella
|
0-0: Ball 1-0: Swinging Strike 1-1: Ball 2-1: Ball 3-1: Swinging Strike 3-2: Strikes out swinging
|
|
Batting: RHB Clay Statum
|
0-0: Called Strike 0-1: Ball 1-1: Foul Ball, location: 2F 1-2: DOUBLE (Line Drive, 9LM, EV 103.8 MPH)
|
|
Batting: SHB Raghnall Ahearne
|
0-0: Swinging Strike 0-1: Ball 1-1: Called Strike 1-2: Ball 2-2: Ball 3-2: Foul Ball, location: 2F 3-2: Strikes out swinging
|
| Top of the 4th over - 0 runs, 1 hit, 0 errors, 1 left on base; Everett 2 - Staten Island 3 |
| BOTTOM OF THE 4TH |
|
Staten Island Yankees batting - Pitching for Everett AquaSox : RHP Ian Gaines
|
|
Batting: RHB Tony Saenz
|
0-0: SINGLE (Line Drive, 9LS, EV 103.8 MPH)
|
|
Batting: SHB Victor Martinez
|
0-0: Called Strike 0-1: Fielders Choice at 2nd, 1-6 (Groundball, 34S, EV 70.6 MPH)
|
|
Batting: LHB Mario Hurtado
|
0-0: Called Strike Victor Martinez steals 2nd base 0-1: Ball 1-1: SINGLE (Groundball, 34S, EV 66.9 MPH) (infield hit) Victor Martinez to third
|
|
Batting: RHB Chris Diaz
|
0-0: Ball 1-0: Ball Mario Hurtado steals 2nd base 2-0: Swinging Strike 2-1: Ground out 5-3 (Groundball, 56S, EV 63.1 MPH) Victor Martinez scores Mario Hurtado to third
|
|
Batting: LHB Roald Jacobs
|
0-0: Ground out 4-3 (Groundball, 34, EV 100.0 MPH)
|
| Bottom of the 4th over - 1 run, 2 hits, 0 errors, 1 left on base; Everett 2 - Staten Island 4 |
| TOP OF THE 5TH |
|
Everett AquaSox batting - Pitching for Staten Island Yankees : RHP Nate LaCava
|
|
Batting: RHB Omar Solis
|
0-0: Swinging Strike 0-1: Ball 1-1: Foul Ball, location: 2F 1-2: Ball 2-2: SOLO HOME RUN (Flyball, 78XD, EV 101.9 MPH), Distance : 409 ft
|
|
Batting: SHB Detlef Oursler
|
0-0: Ball 1-0: Swinging Strike 1-1: Foul Ball, location: 2F 1-2: Foul Ball, location: 2F 1-2: Ball 2-2: Ball 3-2: Strikes out looking
|
|
Batting: LHB Omar Colunga
|
0-0: Ball 1-0: SINGLE (Line Drive, 89S, EV 93.1 MPH)
|
|
Batting: RHB Hideo Okimura
|
0-0: Ball 1-0: Called Strike 1-1: Ball 2-1: Ball 3-1: Called Strike 3-2: Strikes out swinging
|
|
Batting: RHB Robby Cuellar
|
0-0: Foul Ball, location: 2F 0-1: Called Strike 0-2: Ball 1-2: Strikes out swinging
|
| Top of the 5th over - 1 run, 2 hits, 0 errors, 1 left on base; Everett 3 - Staten Island 4 |
| BOTTOM OF THE 5TH |
|
Staten Island Yankees batting - Pitching for Everett AquaSox : RHP Ian Gaines
|
|
Batting: RHB Andres Valles
|
0-0: Ball 1-0: Ball 2-0: Ground out 4-3 (Groundball, 4, EV 100.6 MPH)
|
|
Batting: LHB Claudio Kamminga
|
0-0: Called Strike 0-1: Foul Ball, location: 2F 0-2: Ball 1-2: Ground out 5-3 (Groundball, 56S, EV 90.6 MPH)
|
|
Batting: RHB Lorenzo Vasquez
|
0-0: Swinging Strike 0-1: Ball 1-1: Ground out 6-3 (Groundball, 56, EV 105.0 MPH)
|
| Bottom of the 5th over - 0 runs, 0 hits, 0 errors, 0 left on base; Everett 3 - Staten Island 4 |
| TOP OF THE 6TH |
|
Everett AquaSox batting - Pitching for Staten Island Yankees : RHP Nate LaCava
|
|
Batting: LHB Kenny Gerrity
|
0-0: Ball 1-0: Ball 2-0: Ball 3-0: Base on Balls
|
|
Batting: RHB Justin Colella
|
0-0: Ball 1-0: Called Strike 1-1: Called Strike Kenny Gerrity steals 2nd base 1-2: Ball 2-2: Ground out 6-3 (Groundball, 6, EV 88.1 MPH)
|
|
Batting: RHB Clay Statum
|
0-0: Ground out U3 (Groundball, 23, EV 90.6 MPH) Kenny Gerrity to third
|
|
Batting: SHB Raghnall Ahearne
|
0-0: Ball 1-0: Ground out 6-3 (Groundball, 6, EV 98.8 MPH)
|
| Top of the 6th over - 0 runs, 0 hits, 0 errors, 1 left on base; Everett 3 - Staten Island 4 |
| BOTTOM OF THE 6TH |
|
Staten Island Yankees batting - Pitching for Everett AquaSox : RHP Ian Gaines
|
|
Pitching: RHP Jason Childress
|
|
|
Batting: RHB Chris Yancey
|
0-0: Called Strike 0-1: Ball 1-1: Fly out, F3 (Flyball, 3D, EV 87.5 MPH)
|
|
Batting: RHB Tony Saenz
|
0-0: Ball 1-0: Ball 2-0: Foul Ball, location: 2F 2-1: Foul Ball, location: 2F 2-2: Ball 3-2: Strikes out swinging
|
|
Batting: SHB Victor Martinez
|
0-0: Fly out, F8 (Flyball, 8LS, EV 93.8 MPH)
|
| Bottom of the 6th over - 0 runs, 0 hits, 0 errors, 0 left on base; Everett 3 - Staten Island 4 |
| TOP OF THE 7TH |
|
Everett AquaSox batting - Pitching for Staten Island Yankees : RHP Nate LaCava
|
|
Pitching: RHP Aaron Brill
|
|
|
Batting: RHB Omar Solis
|
0-0: Ball 1-0: Called Strike 1-1: Swinging Strike 1-2: Foul Ball, location: 2F 1-2: Strikes out swinging
|
|
Batting: SHB Detlef Oursler
|
0-0: Called Strike 0-1: Called Strike 0-2: Strikes out looking
|
|
Batting: LHB Omar Colunga
|
0-0: Foul Ball, location: 2F 0-1: Ball 1-1: Ball 2-1: Ground out 4-3 (Groundball, 4, EV 100.0 MPH)
|
| Top of the 7th over - 0 runs, 0 hits, 0 errors, 0 left on base; Everett 3 - Staten Island 4 |
| BOTTOM OF THE 7TH |
|
Staten Island Yankees batting - Pitching for Everett AquaSox : RHP Jason Childress
|
|
Batting: LHB Mario Hurtado
|
0-0: Reached on error, E5 (Groundball, 56D, EV 87.5 MPH)
|
|
Batting: RHB Chris Diaz
|
0-0: Ball 1-0: Called Strike 1-1: Foul Ball, location: 2F 1-2: Foul Ball, location: 2F 1-2: Fly out, F6 (Popup, 6M, EV 67.5 MPH)
|
|
Batting: LHB Roald Jacobs
|
0-0: Ball Mario Hurtado steals 3rd base 1-0: Called Strike 1-1: Called Strike 1-2: Ball 2-2: Ground out 4-3 (Groundball, 34, EV 85.6 MPH)
|
|
Batting: RHB Andres Valles
|
0-0: Foul Ball, location: 2F 0-1: Ball 1-1: Foul Ball, location: 2F 1-2: Ground out 6-3 (Groundball, 6, EV 90.6 MPH)
|
| Bottom of the 7th over - 0 runs, 0 hits, 1 error, 1 left on base; Everett 3 - Staten Island 4 |
| TOP OF THE 8TH |
|
Everett AquaSox batting - Pitching for Staten Island Yankees : RHP Aaron Brill
|
|
Batting: RHB Hideo Okimura
|
0-0: Called Strike 0-1: Foul Ball, location: 2F 0-2: Ball 1-2: Ball 2-2: Foul Ball, location: 2F 2-2: Foul Ball, location: 2F 2-2: Ball 3-2: Base on Balls
|
|
Batting: RHB Robby Cuellar
|
0-0: Fielders Choice at 2nd, 6-4 (Groundball, 56, EV 88.1 MPH)
|
|
Batting: LHB Kenny Gerrity
|
0-0: Called Strike 0-1: Called Strike 0-2: SINGLE (Groundball, 6D, EV 105.0 MPH) Robby Cuellar to second
|
|
Batting: RHB Justin Colella
|
0-0: Ball 1-0: Called Strike 1-1: Foul Ball, location: 2F 1-2: Strikes out swinging
|
|
Pinch Hitting: LHB Ryan Rothenbach
|
0-0: Called Strike 0-1: Hit by Pitch Robby Cuellar to third Kenny Gerrity to second
|
|
Batting: SHB Raghnall Ahearne
|
0-0: Ball 1-0: Swinging Strike 1-1: Ball 2-1: Foul Ball, location: 2F 2-2: Foul Ball, location: 2F 2-2: Strikes out swinging
|
| Top of the 8th over - 0 runs, 1 hit, 0 errors, 3 left on base; Everett 3 - Staten Island 4 |
| BOTTOM OF THE 8TH |
|
Staten Island Yankees batting - Pitching for Everett AquaSox : RHP Jason Childress
|
|
Pitching: LHP Ed Gilroy
|
|
|
Now at 2B: Ryan Clark
|
|
|
Batting: LHB Claudio Kamminga
|
0-0: Ball 1-0: Foul Ball, location: 2F 1-1: Ground out U3 (Groundball, 34S, EV 91.2 MPH)
|
|
Pitching: RHP Rob Henry
|
|
|
Batting: RHB Lorenzo Vasquez
|
0-0: Ball 1-0: Foul Ball, location: 2F 1-1: Foul Ball, location: 2F 1-2: Ball 2-2: Strikes out swinging
|
|
Batting: RHB Chris Yancey
|
0-0: Swinging Strike 0-1: Called Strike 0-2: Strikes out looking
|
| Bottom of the 8th over - 0 runs, 0 hits, 0 errors, 0 left on base; Everett 3 - Staten Island 4 |
| TOP OF THE 9TH |
|
Everett AquaSox batting - Pitching for Staten Island Yankees : RHP Aaron Brill
|
|
Pitching: RHP Jay Brumfield
|
|
|
Batting: RHB Omar Solis
|
0-0: Ball 1-0: Ground out 6-3 (Groundball, 6S, EV 64.4 MPH)
|
|
Batting: SHB Detlef Oursler
|
0-0: Called Strike 0-1: Ball 1-1: Ball 2-1: Foul Ball, location: 2F 2-2: Ground out 4-3 (Groundball, 34S, EV 75.6 MPH)
|
|
Batting: LHB Omar Colunga
|
0-0: Ball 1-0: Ground out U3 (Groundball, 3, EV 88.1 MPH)
|
| Top of the 9th over - 0 runs, 0 hits, 0 errors, 0 left on base; Everett 3 - Staten Island 4 |
|